 Dungeon Crawl Stone Soup version 0.31-a0-358-gac0dbeb3ab (webtiles) character file.

Game seed: 5456835012558287353

285 Pujin the Shooter (level 6, 0/35 HPs)
             Began as a Kobold Hexslinger on July 26, 2023.
             Slain by Ijyb
             ... wielding a +0 dagger
              (6 damage)
             ... on level 4 of the Dungeon.
             The game lasted 00:20:10 (3331 turns).

Pujin the Shooter (Kobold Hexslinger)               Turns: 3331, Time: 00:20:11

Health: 0/35       AC:  2    Str:  5    XL:     6   Next: 55%
Magic:  8/8        EV: 16    Int: 14    God:
Gold:   92         SH:  0    Dex: 20    Spells: 7/8 levels left

rFire   . . .        a - +1 sling
rCold   . . .        (no shield)
rNeg    . . .        k - +0 robe
rPois   .            (no helmet)
rElec   .            (no cloak)
rCorr   .            (no gloves)
SInv    .            (no boots)
Will    .....        (no amulet)
Stlth   +++          (no ring)
HPRegen 0.25/turn    (no ring)
MPRegen 0.11/turn

%: no passive effects
@: no status effects
A: small, no large weapons, nightstalker 3
a: no special abilities


You were on level 4 of the Dungeon.
You visited 1 branch of the dungeon, and saw 4 of its levels.

You collected 92 gold pieces.

Inventory:

Hand Weapons
 a - a +1 sling (weapon)
 s - a +0 sling of flaming
Armour
 c - a +0 robe
 e - a +0 barding
 k - a +0 robe (worn)
Jewellery
 l - a ring of positive energy
Wands
 u - a wand of flame (14)
Scrolls
 b - a scroll of poison
 h - a scroll of enchant armour {unknown}
 i - a scroll of noise {unknown}
 m - 2 scrolls of torment {unknown}
 n - a scroll of immolation {unknown}
 p - a scroll of teleportation {unknown}
 q - a scroll of identify {unknown}
 v - a scroll of butterflies {unknown}
Potions
 d - a potion of magic {unknown}
 f - a potion of attraction {unknown}
 j - 2 potions of curing {unknown}
 o - a potion of brilliance {unknown}
 r - a potion of degeneration {unknown}
 t - a potion of mutation {unknown}


   Skills:
 + Level 2.3 Fighting
 + Level 6.9 Ranged Weapons
 + Level 3.0 Dodging
 + Level 1.8 Spellcasting
 + Level 3.7 Hexes


You had 7 spell levels left.
You knew the following spells:

 Your Spells              Type           Power      Damage    Failure   Level
a - Slow                  Hex            44%        N/A       5%          1

Your spell library contained the following spells:

 Spells                   Type           Power      Damage    Failure   Level
 Shock                    Conj/Air       4%         1d3       24%         1
 Inner Flame              Hex/Fire       6%         N/A       32%         3
 Portal Projectile        Hex/Tloc       12%        N/A       32%         3
 Cause Fear               Hex            5%         N/A       45%         4
 Swiftness                Air            1%         N/A       58%         3
 Airstrike                Air            0%         2d(1-17)  94%         4
 Animate Dead             Necr           1%         N/A       94%         4
 Haunt                    Necr/Summ      0%         N/A       100%        7
 Infestation              Necr           0%         N/A       100%        8


Dungeon Overview and Level Annotations

Branches:
Dungeon (4/15)
 Temple: D:4-7

Altars:

Shops:
D:2 (

Annotations:
D:4 Dowan, Duvessa, Ijyb


Innate Abilities, Weirdness & Mutations

You are small and have problems with some larger weapons.
You are completely attuned to the shadows.


Message History

The sling bullet closely misses the jackal.
The jackal misses you. The dart slug barely misses you.
Fire: a) +1 sling
Press: ? - help, Shift-Dir - straight line, f/p - jackal
Aim: a jackal (59% to hit)
You shoot a sling bullet. The sling bullet hits the jackal.
You kill the jackal!
The dart slug barely misses you.
Fire: a) +1 sling
Press: ? - help, Shift-Dir - straight line, f - dart slug
Aim: a dart slug (heavily wounded, 94% to hit)
You shoot a sling bullet. The sling bullet hits the dart slug!
You kill the dart slug!
There is a stone staircase leading down, spattered with blood here.
You can't go up here!
You climb downwards.
Level annotation: Ijyb
There is a stone staircase leading up here.
Aiming: Slow (safe; 5% risk of failure)
Press: ? - help, Q - select action, (/) - cycle Shift-Dir - straight line, f - Ijyb
Aim: Ijyb, wielding a +0 dagger, wearing a +0 ring mail and carrying a wand of charming (chance to affect: 53%) Ijyb seems to slow down.
Ijyb screams, "I no like you!"
Ijyb zaps a wand.
Your will is overpowered!
You are confused.
You shoot a sling bullet.
You hear a shout!
Duvessa, Sister of Dowan comes into view.
She is wielding a +0 short sword.
Ijyb hits you with a +0 dagger.
* * * LOW HITPOINT WARNING * * *
You shoot a sling bullet.
Ijyb screams, "You nasty!
Big nasty!"
Ijyb hits you with a +0 dagger.
* * * LOW HITPOINT WARNING * * *
You shoot a sling bullet.
You feel less confused.
You hear a shout!
Dowan, Brother of Duvessa comes into view.
He is wielding a +2 dagger of venom.
Ijyb hits you with a +0 dagger.
You die...

...e..
##.....
......
##..e..
##g@....
#.......
..........
..........
..........
.........


You could see Duvessa, Ijyb (slow) and Dowan.

Vanquished Creatures
  Sigmund (D:3)
  5 adders
  A worm (D:2)
  A dart slug (D:3)
  An orc (D:3)
  11 bats
  8 endoplasms
  A giant cockroach (D:3)
  6 goblins
  7 hobgoblins
  6 jackals (D:3)
  3 kobolds
  2 quokkas
  5 ball pythons
  7 frilled lizards
  5 rats
70 creatures vanquished.

Notes
Turn   | Place    | Note
-------+----------+-------------------------------------------
     0 | D:1      | Pujin the Kobold Hexslinger began the quest for the Orb.
     0 | D:1      | Reached XP level 1. HP: 12/12 MP: 2/2
   223 | D:1      | Reached XP level 2. HP: 16/16 MP: 0/3
   289 | D:1      | Reached skill level 3 in Ranged Weapons
   763 | D:1      | Reached XP level 3. HP: 20/20 MP: 4/4
  1482 | D:2      | Reached skill level 4 in Ranged Weapons
  1544 | D:2      | Reached XP level 4. HP: 11/25 MP: 6/6
  1721 | D:2      | Found Xaeggan's Weapon Emporium.
  2117 | D:3      | Reached skill level 5 in Ranged Weapons
  2147 | D:3      | Reached XP level 5. HP: 27/29 MP: 7/7
  2309 | D:3      | Noticed Sigmund
  2328 | D:3      | Killed Sigmund
  2329 | D:3      | Reached skill level 6 in Ranged Weapons
  2329 | D:3      | Reached XP level 6. HP: 29/35 MP: 6/8
  3299 | D:4      | Noticed Ijyb
  3329 | D:4      | Noticed Duvessa
  3331 | D:4      | Noticed Dowan
  3331 | D:4      | Slain by Ijyb

Illustrated notes

Levels and vault maps discovered:
D:1:      minmay_arrival_hallway, layout_basic
D:2:      layout_basic, serial_shops, nicolae_shop_bloodbath_and_beyond
D:3:      layout_basic, minmay_misc_feat_iff, grunt_decor_one_mirror,
          uniq_sigmund
D:4:      layout_cave_pools, uniq_ijyb, uniq_duvessa

Skill      XL: |  1  2  3  4  5 |
---------------+----------------+-----
Ranged Weapons | 3 4 5 6 |  6.9
Dodging        | 3 |  3.0
Fighting       | 2 |  2.3
Spellcasting   | |  1.8
Hexes          | |  3.7

Action                     |  1- 3 |  4- 6 || total
---------------------------+-------+-------++-------
  Melee: Sling             |       |     1 ||     1
   Fire: Sling             |   104 |   133 ||   237
   Cast: Slow              |     6 |    14 ||    20
    Use: Scroll            |     1 |       ||     1
         Potion            |       |     1 ||     1
 Armour: Robe              |     5 |    17 ||    22
  Dodge: Dodged            |    43 |    91 ||   134

Table legend: (Time is in decaauts)
 A = Elapsed time spent in this place.
 B = Non-inter-level travel time spent in this place.
 C = Inter-level travel time spent in this place.
 D = Time resting spent in this place.
 E = Time spent auto-exploring this place.
 F = Levels seen in this place.
 G = Mean time per level.
                   A        B        C        D        E       F      G
               +--------+--------+--------+--------+--------+-----+--------+
         Total |   3370 |   3290 |     80 |      0 |   2713 |   4 |  842.5 |
       Dungeon |   3370 |   3290 |     80 |      0 |   2713 |   4 |  842.5 |
               +--------+--------+--------+--------+--------+-----+--------+

Top non-repeatable levels by time:
     D:3: 1328 daAuts
     D:1: 1191 daAuts
     D:2: 834 daAuts
     D:4: 16 daAuts
